 Dungeon Crawl Stone Soup version 0.31-a0-222-gefeffbb62a (webtiles) character file.

Game seed: 10880128777408058746

186 protoss039 the Digger (level 5, -1/39 HPs)
             Began as a Demonspawn Earth Elementalist on July 5, 2023.
             Slain by an orc
             ... wielding a +0 trident
              (5 damage)
             ... on level 4 of the Dungeon.
             The game lasted 00:03:29 (2806 turns).

protoss039 the Digger (DsEE)                        Turns: 2806, Time: 00:03:30

Health: -1/39      AC:  2    Str:  9    XL:     5   Next: 38%
Magic:  1/9        EV: 12    Int: 20    God:
Gold:   154        SH:  5    Dex: 13    Spells: 4/10 levels left

rFire   . . .        m - +2 dagger (venom)
rCold   . . .        (no shield)
rNeg    . . .        a - +0 robe
rPois   .            (helmet restricted)
rElec   .            (no cloak)
rCorr   .            (no gloves)
SInv    .            (no boots)
Will    .....        i - amulet of reflection
Stlth   ++           (no ring)
HPRegen 0.26/turn    (no ring)
MPRegen 0.11/turn

%: reflection
@: no status effects
A: antennae 1, big brain 1
a: no special abilities


You were on level 4 of the Dungeon.
You visited 1 branch of the dungeon, and saw 4 of its levels.

You collected 154 gold pieces.

Inventory:

Hand Weapons
 m - a +2 dagger of venom (weapon)
Armour
 a - a +0 robe (worn)
Jewellery
 f - a ring of magical power
 i - an amulet of reflection (around neck)
Scrolls
 e - a scroll of identify
 g - a scroll of teleportation
 j - a scroll of butterflies
 l - a scroll of poison
Potions
 b - a potion of magic
 c - 2 potions of heal wounds
 d - a potion of berserk rage
 h - a potion of attraction
 k - a potion of resistance
 n - a potion of enlightenment {unknown}


   Skills:
 + Level 2.5 Fighting
 - Level 1.7 Dodging
 - Level 1.7 Stealth
 + Level 3.2 Spellcasting
 + Level 1.4 Conjurations
 - Level 0.8 Transmutations
 + Level 3.8 Earth Magic


You had 4 spell levels left.
You knew the following spells:

 Your Spells              Type           Power      Damage    Failure   Level
a - Sandblast             Erth           36%        2d10      3%          1
b - Passwall              Tmut/Erth      10%        N/A       9%          2
c - Stone Arrow           Conj/Erth      26%        3d8       14%         3

Your spell library contained the following spells:

 Spells                   Type           Power      Damage    Failure   Level
 Scorch                   Fire           6%         2d5       22%         2
 Portal Projectile        Hex/Tloc       6%         N/A       38%         3
 Tukima's Dance           Hex            3%         N/A       38%         3
 Petrify                  Tmut/Erth      12%        N/A       47%         4
 Flame Wave               Conj/Fire      6%         2d5       71%         4
 Blade Hands              Tmut           3%         N/A       95%         5
 Summon Cactus Giant      Summ           1%         N/A       100%        6


Dungeon Overview and Level Annotations

Branches:
Dungeon (4/15) Zot: 21143
 Temple: D:4-7

Altars:
Cheibriados
Hepliaklqana
Kikubaaqudgha


Innate Abilities, Weirdness & Mutations

You have a pair of small antennae on your head.
You have an unusually large brain. (Int +2)


Message History

You block the orc's attack.
Unknown command.
You barely miss the orc.
The orc is severely wounded.
The jackal closely misses you. The orc hits you with a +0 short sword.
The orc hits you but does no damage.
The jackal bites you but does no damage.
Unknown command.
Unknown command.
You are too injured to fight recklessly!
You are too injured to fight recklessly!
Unknown command.
Unknown command.
You are too injured to fight recklessly!
Unknown command.
You are too injured to fight recklessly!
You closely miss the orc.
You kill the orc!
The orc closely misses you.
A goblin comes into view. It is wielding a +0 dagger.
You block the jackal's attack.
Unknown command.
You hit the orc.
The orc is poisoned.
The orc is moderately wounded.
The jackal barely misses you. The orc hits you with a +0 dagger.
The orc hits you from afar with a +0 trident.
Unknown command.
Casting: Sandblast (safe; 3% risk of failure)
Confirm with . or Enter, or press ? or * to list all spells.
Aiming: Sandblast (safe; 3% risk of failure)
Press: ? - help, Shift-Dir - straight line, f - jackal
Aim: a jackal (77% to hit)
The blast of sand hits the jackal!
You kill the jackal!
The orc hits you with a +0 dagger.
* * * LOW HITPOINT WARNING * * *
The orc hits you from afar with a +0 trident!
* * * LOW HITPOINT WARNING * * *
The orc hits you from afar with a +0 trident.
You die...

.. # .# ##. .# ##
..####.# ...
......###### ...#
#.........#
.#..##.))......#
##....#o)@......#
.#.......o.......#
#o..##.#).>......#
..#..#.......(....
..................
.....g............
.................#
......#......#####
######........#...#


You could see 2 orcs and a goblin.

Vanquished Creatures
  A scorpion (D:4)
  2 adders (D:2)
  2 gnolls (D:4)
  2 worms
  3 dart slugs
  2 orcs (D:4)
  10 ball pythons
  4 bats
  7 endoplasms
  7 giant cockroaches
  4 goblins
  3 hobgoblins
  12 jackals
  3 quokkas
  2 frilled lizards (D:1)
  3 kobolds
  4 rats
  A spectral hobgoblin (D:4)
72 creatures vanquished.

Notes
Turn   | Place    | Note
-------+----------+-------------------------------------------
     0 | D:1      | protoss039 the Demonspawn Earth Elementalist began the
                  | quest for the Orb.
     0 | D:1      | Reached XP level 1. HP: 13/13 MP: 3/3
   243 | D:1      | Gained mutation: You have an unusually large brain. (Int
                  | +2) [demonic ancestry]
   243 | D:1      | Reached XP level 2. HP: 20/20 MP: 0/5
   372 | D:1      | Reached skill level 1 in Fighting
   600 | D:1      | Learned a level 2 spell: Passwall
   719 | D:2      | Found an ancient bone altar of Kikubaaqudgha.
   844 | D:2      | Reached XP level 3. HP: 26/26 MP: 2/6
  1709 | D:2      | Learned a level 3 spell: Stone Arrow
  1775 | D:3      | Reached XP level 4. HP: 33/33 MP: 4/8
  2205 | D:3      | Found a snail-covered altar of Cheibriados.
  2279 | D:3      | Found a faded altar of an unknown god.
  2652 | D:4      | Noticed a scorpion
  2659 | D:4      | Killed a scorpion
  2660 | D:4      | Reached skill level 1 in Conjurations
  2660 | D:4      | Gained mutation: You have a pair of small antennae on your
                  | head. [demonic ancestry]
  2660 | D:4      | Reached XP level 5. HP: 27/39 MP: 5/9
  2712 | D:4      | Found a hazy altar of Hepliaklqana.
  2806 | D:4      | Slain by an orc

Illustrated notes

Levels and vault maps discovered:
D:1:      scummos_arrival_gate, layout_rooms, minivault_14, minmay_tromino_v2
D:2:      layout_loops_ring, basic_altar
D:3:      layout_basic, amcnicky_altar_gilded, basic_ecumenical_altar
D:4:      lemuel_castle_with_subvaults [lemuel_castle_interior_carwin_1],
          layout_rooms, nicolae_yredelemnul_corpse_copse,
          nicolae_hepliaklqana_monster_ancestors, temple_pool_b, serial_shops,
          nicolae_book_shop_shelving, minmay_cut_off

Skill      XL: |  1  2  3  4 |
---------------+-------------+-----
Fighting       | 1 2 |  2.5
Earth Magic    | 3 |  3.8
Spellcasting   | 3 |  3.2
Conjurations   | 1 |  1.4
Dodging        | |  1.7
Stealth        | |  1.7
Transmutations | |  0.8

Action                     |  1- 3 |  4- 6 || total
---------------------------+-------+-------++-------
  Melee: Unarmed           |     8 |       ||     8
         Short sword       |     1 |       ||     1
         Dagger            |       |    25 ||    25
   Cast: Sandblast         |    64 |    36 ||   100
    Use: Scroll            |       |     7 ||     7
   Stab: Sleeping          |       |     1 ||     1
 Armour: Robe              |     9 |    12 ||    21
  Dodge: Dodged            |    15 |    31 ||    46
  Block: Other             |     6 |    12 ||    18

Table legend: (Time is in decaauts)
 A = Elapsed time spent in this place.
 B = Non-inter-level travel time spent in this place.
 C = Inter-level travel time spent in this place.
 D = Time resting spent in this place.
 E = Time spent auto-exploring this place.
 F = Levels seen in this place.
 G = Mean time per level.
                   A        B        C        D        E       F      G
               +--------+--------+--------+--------+--------+-----+--------+
         Total |   2854 |   2723 |    131 |      0 |   2310 |   4 |  713.5 |
       Dungeon |   2854 |   2723 |    131 |      0 |   2310 |   4 |  713.5 |
               +--------+--------+--------+--------+--------+-----+--------+

Top non-repeatable levels by time:
     D:2: 1074 daAuts
     D:3: 945 daAuts
     D:1: 666 daAuts
     D:4: 168 daAuts
